 Dungeon Crawl Stone Soup version 0.20-a0-1040-gfd09691 (webtiles) character file.

84 Gorglomux the Cudgeler (level 4, -4/36 HPs)
             Began as a Formicid Warper on Apr 23, 2017.
             Slain by an adder (5 damage)
             ... on level 2 of the Dungeon.
             The game lasted 00:04:37 (2467 turns).

Gorglomux the Cudgeler (Formicid Warper)            Turns: 2467, Time: 00:04:38

Health: -4/36      AC:  4    Str: 14 (15) XL:     4   Next: 72%
Magic:  15/15      EV: 11    Int: 10 (13) God:
Gold:   132        SH:  0    Dex: 11 (13) Spells: 5/7 levels left

rFire    . . .     SeeInvis +   a - +0 mace
rCold    . . .     Gourm    .   (no shield)
rNeg     . . .     Faith    .   j - +0 leather armour
rPois    .         Spirit   .   (helmet unavailable)
rElec    .         Reflect  .   t - +0 cloak
rCorr    .         Harm     .   (no gloves)
MR       .....                  (no boots)
Stlth    ++........             (no amulet)
Regen    0.2/turn               o - ring of magical power {MP+9}
MPRegen  0.2/turn               (no ring)

@: lethally poisoned (-4 -> -6)
A: permanent stasis, dig shafts and tunnels, four strong arms, antennae 3,
camouflage 1, agile 1, low mp 1
a: Dig, Shaft Self


You were on level 2 of the Dungeon.
You were hungry.

You visited 1 branch of the dungeon, and saw 3 of its levels.

You collected 132 gold pieces.

Inventory:

Hand Weapons
 a - a +0 mace (weapon)
 b - a +0 hunting sling
   (You found it on level 1 of the Dungeon)
Missiles
 e - 5 tomahawks of dispersal {=f}
 n - 142 stones (quivered)
 q - 5 tomahawks
Armour
 j - a +0 leather armour (worn)
 t - a +0 cloak (worn)
   (You found it on level 2 of the Dungeon)
Jewellery
 o - a ring of magical power (left hand) {MP+9}
   (You found it on level 1 of the Dungeon)
Scrolls
 d - a scroll of blinking {!r}
 g - 2 scrolls of remove curse {unknown}
 m - 2 scrolls of immolation {unknown}
 p - 2 scrolls of identify {unknown}
Books
 c - a book of Spatial Translocations
 s - a book of Misfortune
   (You found it on level 2 of the Dungeon)
Comestibles
 f - 4 bread rations {@e1@e1}
 h - 2 royal jellies
 r - 2 chunks of flesh {@w0@w0}


   Skills:
 + Level 3.6 Fighting
 * Level 3.6 Maces & Flails
 - Level 1.0 Throwing
 - Level 1.1 Armour
 - Level 1.7 Dodging
 - Level 2.1 Spellcasting
 - Level 2.6 Translocations


You had 5 spell levels left.
You knew the following spells:

 Your Spells              Type           Power        Failure   Level  Hunger
a - Shroud of Golubria    Chrm/Tloc      #.........   32%         2    ###....


Dungeon Overview and Level Annotations

Branches:
Dungeon (3/15)

Altars:
Ashenzari


Innate Abilities, Weirdness & Mutations

You cannot be hasted, slowed, berserked, paralysed or teleported.
You can dig through walls and to a lower floor.
Your four strong arms can wield two-handed weapons with a shield.
You have a pair of large antennae on your head. (SInv)
Your skin changes colour to match your surroundings (Stealth+).
You are agile. (Dex +2)
Your magical capacity is low. (-10% MP)


Message History

You hit the adder.
Your shroud unravels.
You feel sick. The adder bites you.
You are more poisoned.
The adder poisons you! The adder completely misses you.
You take 6 damage, and have 12/35 hp.
You sock the adder!
You kill the adder!
Unknown command.
You feel sick.
You see here an adder corpse.
You take 1 damage, and have 12/36 hp.
Unknown command.
You butcher the adder corpse.
r - 3 chunks of flesh {@w0@w0} (gained 1)
You see here an adder skeleton.
You feel sick.
You take 1 damage, and have 11/36 hp.
MP restored: 16
There is a stone staircase leading down here.
You start resting.
You feel sick. x6
You are no longer poisoned.
You take 3 damage, and have 8/36 hp.
You start resting.
An adder comes into view.
You regained 3 hp, and now have 11/36 hp.
The adder hisses angrily.
Some of the chunks of flesh in your inventory have rotted away.
Space distorts slightly along a thin shroud covering your body.
You are feeling hungry.
You now have 14/16 mp.
Your shroud begins to fray at the edges.
You swing at nothing.
You closely miss the adder.
Your shroud bends the adder's attack away.
You barely miss the adder. The adder closely misses you.
Your shroud bends the adder's attack away.
You closely miss the adder. The adder barely misses you.
You closely miss the adder.
Your shroud unravels.
The adder closely misses you. x2
You barely miss the adder. The adder bites you but does no damage.
The adder bites you.
* * * LOW HITPOINT WARNING * * *
You are poisoned.
The adder poisons you!
You take 2 damage, and have 10/36 hp.
Space distorts slightly along a thin shroud covering your body.
You feel sick. The adder bites you but does no damage.
You now have 13/16 mp.
You completely miss the adder. The adder bites you but does no damage.
The adder barely misses you.
You miss the adder. The adder barely misses you.
You hit the adder.
You feel sick.
Your shroud bends the adder's attack away.
The adder bites you but does no damage.
You take 1 damage, and have 9/36 hp.
You barely miss the adder.
Your shroud begins to fray at the edges.
The adder closely misses you.
Unknown command.
You barely miss the adder. The adder barely misses you. x2
You miss the adder.
You feel sick.
Your shroud bends the adder's attack away.
You take 1 damage, and have 8/36 hp.
It was a potion of magic.
Magic courses through your body. The adder bites you but does no damage.
MP restored: 16 It was a potion of degeneration.
There was something very wrong with that liquid.
You feel weakened.
You feel dopey.
You feel clumsy. The adder bites you but does no damage.
The adder barely misses you.
Unknown command.
It was a potion of mutation.
You feel extremely strange.
You feel agile.
You feel less energetic.
Your skin functions as natural camouflage.
Your shroud unravels.
The adder closely misses you.
You now have 15/15 mp.
Unknown command.
You thump the adder!
You feel sick.
You are no longer poisoned.
The adder bites you.
* * * LOW HITPOINT WARNING * * *
The adder bites you.
* * * LOW HITPOINT WARNING * * *
You are lethally poisoned!
The adder poisons you!
You take 7 damage, and have 2/36 hp.
You aren't carrying any potions.
Unknown command.
You miss the adder.
* * * LOW HITPOINT WARNING * * *
You feel sick. The adder misses you.
You take 1 damage, and have 1/36 hp.
Unknown command.
You miss the adder. The adder bites you.
You die...

#### ...#
...###########################
................@S...........###
...#################...........##
....................>.####...#...
...#.#####....#.#..÷......#.^##..
####.# #......#.....#...#.....#
####.# #.....#...####...##.#...
...#.# #.......S.#⌠.##'##.⌠...)
...#.### #.........#.........#...
...+...# ###....#####.......#####


You could see an adder.

Vanquished Creatures
  3 adders
  2 adder zombies (D:2)
  An adder skeleton (D:2)
  A leopard gecko (D:3)
  A ball python (D:2)
  A giant cockroach (D:1)
  4 goblins
  7 hobgoblins
  3 jackals
  7 bats
  A frilled lizard (D:2)
  A jackal skeleton (D:2)
  A jackal zombie (D:2)
  7 kobolds
  A leopard gecko skeleton (D:2)
  2 rats
43 creatures vanquished.

Notes
Turn   | Place    | Note
-------+----------+-------------------------------------------
     0 | D:1      | Gorglomux the Formicid Warper began the quest for the Orb.
     0 | D:1      | Reached XP level 1. HP: 16/16 MP: 3/3
   236 | D:1      | Reached XP level 2. HP: 23/23 MP: 5/5
   253 | D:1      | Learned a level 2 spell: Shroud of Golubria
   956 | D:2      | Reached XP level 3. HP: 8/28 MP: 6/6
  1055 | D:2      | Reached skill level 3 in Fighting
  1286 | D:2      | Found a shattered altar of Ashenzari.
  1497 | D:2      | Reached skill level 3 in Maces & Flails
  1753 | D:2      | Reached XP level 4. HP: 35/35 MP: 7/7
  2403 | D:2      | HP: 9/36 [poisoned by an adder]
  2411 | D:2      | HP: 8/36 [poisoned by an adder]
  2458 | D:2      | HP: 9/36 [poisoned by an adder]
  2464 | D:2      | Gained mutation: You are agile. (Dex +2) [potion of mutation]
  2464 | D:2      | Gained mutation: Your magical capacity is low. (-10% MP) [potion of mutation]
  2464 | D:2      | Gained mutation: Your skin changes colour to match your surroundings (Stealth+). [potion of mutation]
  2465 | D:2      | HP: 8/36 [poisoned by an adder]
  2465 | D:2      | HP: 2/36 [adder (5)]
  2467 | D:2      | Slain by an adder

Vault maps used:
D:1:      dpeg_arrival_refuge
D:2:      evilmike_ruin_ashenzari, first_bread, serial_undead, serial_undead_c,
          serial_undead_e, serial_undead_a, serial_undead_e, serial_undead_e,
          serial_undead_f, serial_undead_e, serial_undead_d
D:3:      lemuel_upstairs_altar

Skill      XL: |  1  2  3 |
---------------+----------+-----
Fighting       | 3 |  3.6
Maces & Flails | 3 |  3.6
Throwing       | |  1.0
Armour         | |  1.1
Dodging        | |  1.7
Spellcasting   | |  2.1
Translocations | |  2.6

Action                   |  1- 3 |  4- 6 || total
-------------------------+-------+-------++-------
Melee: Mace              |   102 |    58 ||   160
 Fire: Hunting sling     |     4 |       ||     4
Throw: Stone             |    42 |    24 ||    66
 Cast: Shroud of Golubri |       |     5 ||     5
 Abil: Dig               |     2 |       ||     2
  Use: Potion            |       |     3 ||     3
  Eat: Chunk             |     3 |     2 ||     5
Armor: Leather armour    |    36 |    17 ||    53
Dodge: Dodged            |    68 |    47 ||   115

Vault maps used:
D:1:      dpeg_arrival_refuge
D:2:      evilmike_ruin_ashenzari, first_bread, serial_undead, serial_undead_c,
          serial_undead_e, serial_undead_a, serial_undead_e, serial_undead_e,
          serial_undead_f, serial_undead_e, serial_undead_d
D:3:      lemuel_upstairs_altar

Table legend:
 A = Turns spent in this place as a percentage of turns spent in the entire game.
 B = Non-inter-level travel turns spent in this place as a percentage of non-inter-level travel turns spent in the entire game.
 C = Inter-level travel turns spent in this place as a percentage of turns spent in this place.
 D = Turns resting spent in this place as a percentage of non-inter-level travel turns spent in this place.
 E = Turns spent auto-exploring this place as a percentage of non-inter-level travel turns spent in this place.
 F = Non-inter-level travel turns spent in this place divided by the number of levels of this place that you've seen.
                   A       B       C       D       E      F
               +-------+-------+-------+-------+-------+----------------------
         Total | 100.0 | 100.0 |   0.4 |   2.8 |  10.5 | 222.3
       Dungeon | 100.0 | 100.0 |   0.4 |   2.8 |  10.5 | 222.3
               +-------+-------+-------+-------+-------+----------------------

Table legend:
 A = Kills in this place as a percentage of kills in entire the game.
 B = Kills by you in this place as a percentage of kills by you in the entire game.
 C = Kills by friends in this place as a percentage of kills by friends in the entire game.
 D = Other kills in this place as a percentage of other kills in the entire game.
 E = Experience gained in this place as a percentage of experience gained in the entire game.
 F = Experience gained in this place divided by the number of levels of this place that you have seen.
                   A       B       C       D       E      F
               +-------+-------+-------+-------+-------+----------------------
         Total | 100.0 | 100.0 |  -nan |  -nan | 100.0 |  40.0
       Dungeon | 100.0 | 100.0 |  -nan |  -nan | 100.0 |  40.0
               +-------+-------+-------+-------+-------+----------------------
